 Dungeon Crawl Stone Soup version 0.13.1-2-gfb2c2b7 (webtiles) character file.

177 Czerbonog the Stinger (level 4, -1/27 HPs)
             Began as an Octopode Venom Mage on Dec 11, 2013.
             Killed by divine providence
             ... invoked by an orc priest
              (14 damage)
             ... on Level 3 of the Dungeon.
             The game lasted 00:11:05 (3055 turns).

Czerbonog the Stinger (Octopode Venom Mage)         Turns: 3055, Time: 00:11:05

HP  -1/27        AC  1     Str  8      XL: 4   Next: 77%
MP   3/8         EV 12     Int 17      God:
Gold 75          SH  0     Dex 12      Spells:  3 memorised,  1 level left

Res.Fire  : + . .   See Invis. : .   p - +0,+1 orc short sword
Res.Cold  : . . .   Warding    : .   (no shield)
Life Prot.: . . .   Conserve   : .   (helmet restricted)
Res.Poison: .       Res.Corr.  : .   (no amulet)
Res.Elec. : .       Clarity    : .   j - ring of protection from fire
Sust.Abil.: . .     Spirit.Shd : .   (no ring)
Res.Mut.  : .       Stasis     : .   (no ring)
Res.Rott. : .       Flight     : .   (no ring)
Saprovore : . . .                    (no ring)
                                     (no ring)
                                     (no ring)
                                     (no ring)

@: very slightly contaminated, slightly resistant to hostile enchantments, quite
stealthy
A: almost no armour, amphibious, 8 rings, constrict 8, camouflage 1, AC +1
a: no special abilities


You were on level 3 of the Dungeon.
You were hungry.

You visited 1 branch of the dungeon, and saw 3 of its levels.

You collected 55 gold pieces.

Inventory:

Hand weapons
 a - a +1,+2 dagger of returning
 i - a +1,+1 elven dagger (quivered)
 p - a +0,+1 orcish short sword (weapon)
 t - a +0,+2 anti-magic spear
Comestibles
 c - 2 bread rations
 o - a rotting chunk of rat flesh
 u - a chunk of orc flesh
Scrolls
 d - 3 scrolls of identify
 e - a scroll of curse jewellery {unknown}
 f - a scroll of blinking {unknown}
 g - a scroll of recharging {unknown}
 h - a scroll of curse armour {unknown}
 k - a scroll of fog {unknown}
 l - a scroll of curse weapon {unknown}
 m - a scroll of enchant armour {unknown}
 n - 2 scrolls of magic mapping
 q - a scroll of remove curse {unknown}
Jewellery
 j - a ring of protection from fire (left tentacle)
Potions
 r - a potion of speed
 s - a potion of heal wounds {unknown}
Books
 b - a Young Poisoner's Handbook

   Spells                             Type                      Level
   *Sting                             Conjuration/Poison           1
   *Cure Poison                       Poison                       2
   *Mephitic Cloud                    Conjuration/Poison/Air       3
   Olgreb's Toxic Radiance            Poison                       4
   Venom Bolt                         Conjuration/Poison           5


   Skills:
 - Level 2.0 Dodging
 - Level 3.9 Stealth
 - Level 2.4 Spellcasting
 * Level 2.1 Conjurations
 + Level 5.1 Poison Magic


You had one spell level left.
You knew the following spells:

 Your Spells              Type           Power        Failure   Level  Hunger
a - Sting                 Conj/Pois      ##..         4%          1    #......
b - Cure Poison           Pois           ###.......   3%          2    ##.....
c - Mephitic Cloud        Conj/Pois/Air  ##......     21%         3    ###....


Dungeon Overview and Level Annotations

Branches:
Dungeon (3/27)

Altars:

Annotations:
D:3 teukkam's ghost, average SpEn


Innate Abilities, Weirdness & Mutations

You cannot wear most types of armour.
You are amphibious.
You can wear up to eight rings at the same time.
You can use your tentacles to constrict many enemies at once.
Your skin changes colour to match your surroundings (Stlth).
Your rubbery body absorbs attacks (AC +1).


Message History

The orc priest mumbles some strange prayers to Beogh.
You feel troubled. The orc closely misses you.
The orc priest mumbles some strange prayers to Beogh.
You feel a wave of unholy energy pass over you.
You hit the orc. Your grab misses the orc.
The orc is almost dead.
The orc hits the orc with an orcish dagger.
The orc priest barely misses you.
You catch the helpless orc completely off-guard!
You hit the orc.
You kill the orc!
The orc priest hits you from afar with a runed orcish trident!
The orc hits you with an orcish short sword.
You hit the orc.
You kill the orc!
The orc priest calls down the wrath of Beogh upon you.
Something smites you!
Ouch! That really hurt!
You die...

### #.# #.#
..# #.# #.#
#.# #.# #.#
#.# #.# #.#
#.# ##.## #.#
#.# ##...##
#### #.#
#.###.....###
#.o #.#
............#
#)# #.#
#.###.....#.#
#@# #.######
#.# ##...##.#
#.# #.#.....
#.#
##.###.####.#
#.#.###. #.#
#.# #...%..#
#.....#. #.#
#.# ########
###.#.#. #.#
#.# #.....
#.# #.#
###.## #.#
#(# #.# #.#
#.# #.#


You could see an orc priest.

Vanquished Creatures
  7 adders
  3 orcs (D:3)
  A giant cockroach (D:3)
  A goblin (D:2)
  4 hobgoblins
  2 quokkas (D:2)
  4 bats
  2 giant newts (D:2)
  9 kobolds
  6 rats
39 creatures vanquished.

Notes
Turn   | Place    | Note
--------------------------------------------------------------
     0 | D:1      | Czerbonog, the Octopode Venom Mage, began the quest for the Orb.
     0 | D:1      | Reached XP level 1. HP: 11/11 MP: 3/3
   732 | D:1      | Reached XP level 2. HP: 17/17 MP: 2/4
  1146 | D:2      | Reached XP level 3. HP: 4/21 MP: 0/6
  1156 | D:2      | Learned a level 2 spell: Cure Poison
  1159 | D:2      | HP: 1/21 [poisoned by an adder]
  1507 | D:2      | Learned a level 3 spell: Mephitic Cloud
  1546 | D:2      | Reached skill level 5 in Poison Magic
  1957 | D:2      | Reached XP level 4. HP: 10/27 MP: 6/8
  1998 | D:2      | Reached skill level 1 in Conjurations
  3006 | D:3      | Noticed teukkam's ghost (average SpEn)
  3055 | D:3      | Killed from afar by an orc priest

Action                   |  1- 3 |  4- 6 || total
-------------------------+-------+-------++-------
Melee: Unarmed           |     4 |       ||     4
       Dagger            |    14 |       ||    14
       Short sword       |     3 |    18 ||    21
 Cast: Sting             |    38 |    21 ||    59
       Cure Poison       |     1 |       ||     1
       Mephitic Cloud    |       |     3 ||     3
  Use: Scroll            |     5 |       ||     5
       Potion            |     1 |     1 ||     2
 Stab: Confused          |       |     1 ||     1
